cohdb
Replays
Latest Replays
All Replays
Popular Replays
Top Player Replays
Match Explorer
How It Works
Community
CoH3 Stats
Reddit
Sign in to upload your games and track your stats! →
Sign in with Steam
Match 33552723
Unlisted
Match 33552723
Overview
Messages
Build Orders
End
Panzergrenadier Squad
Panzergrenadier Squad
Panzergrenadier Squad
Construct Light Support Kompanie
Fire Support Elements
Selects Armored Support Battlegroup
Flakvierling Half-track
2.5-tonne Medical Truck
Advanced Field Repairs
Panzergrenadier Squad
Construct Mechanized Kompanie
Assault Grenadier Squad
gleison-luan
Tinkerbellend
KOR_ICSeok
BorzoiWitcher
matrix4x4
actocrat
0
0
Comments
sign in to comment!
No comments posted yet!